 Dungeon Crawl Stone Soup version 0.28-a0-662-g1651b1f1e0 (webtiles) character file.

Game seed: 6919105053956298342

84 cheechan the Cudgeller (level 4, -1/30 HPs)
             Began as an Octopode Gladiator on Oct 14, 2021.
             Was a Believer of Nemelex Xobeh.
             Killed from afar by an orc wizard (11 damage)
             ... with a puff of flame
             ... on level 3 of the Dungeon.
             The game lasted 00:06:31 (3241 turns).

cheechan the Cudgeller (Octopode Gladiator)         Turns: 3241, Time: 00:06:32

Health: -1/30      AC:  1    Str: 13    XL:     4   Next: 46%
Magic:  4/4        EV: 13    Int: 10    God:    Nemelex Xobeh [**....]
Gold:   126        SH:  0    Dex: 12    Spells: 3/3 levels left

rFire   . . .      SeeInvis .   a - +0 flail
rCold   . . .      Faith    .   (no shield)
rNeg    . . .      Spirit   .   b - +0 hat
rPois   +          Reflect  .   (no amulet)
rElec   .          Harm     .   (no ring)
rCorr   .          Rampage  .   (no ring)
Will    .....                   (no ring)
Stlth   +++.......              (no ring)
HPRegen 0.10/turn               (no ring)
MPRegen 0.09/turn               (no ring)
                                (no ring)
                                (no ring)

@: no status effects
A: almost no armour, amphibious, 8 rings, camouflage 1, gelatinous body 1,
(nimble swimmer 1), tentacles, clumsy 1, poison resistance
a: Renounce Religion, Draw Escape, Draw Destruction, Draw Summoning


You were on level 3 of the Dungeon.
You worshipped Nemelex Xobeh.
Nemelex Xobeh was pleased with you.
You visited 1 branch of the dungeon, and saw 3 of its levels.

You collected 126 gold pieces.

Inventory:

Hand Weapons
 a - a +0 flail (weapon)
 h - a +0 hunting sling
 i - a +0 whip
Missiles
 c - 3 throwing nets (quivered)
 f - 22 arrows
 g - 93 stones
Armour
 b - a +0 hat (worn)
Scrolls
 j - a scroll of identify
Potions
 d - a potion of lignification
 e - a potion of flight


   Skills:
 + Level 2.6 Fighting
 + Level 4.1 Maces & Flails
 + Level 2.1 Throwing
 + Level 3.3 Dodging
 + Level 1.9 Stealth


You had 3 spell levels left.
You didn't know any spells.
Your spell library was empty.

Dungeon Overview and Level Annotations

Branches:
Dungeon (3/15)

Altars:
Elyvilon
Nemelex Xobeh
Beogh


Innate Abilities, Weirdness & Mutations

You cannot wear most types of armour.
You are amphibious.
You can wear up to eight rings at the same time.
Your skin changes colour to match your surroundings (Stealth+).
Your rubbery body absorbs attacks. (AC +1, EV +1)
((You are camouflaged near water. (Stealth+)))
You have tentacles for arms and can constrict up to eight enemies at once.
You are clumsy. (Dex -2)
Your system is resistant to poisons. (rPois)


Message History

An orc priest comes into view. It is wielding a +0 whip.
The orc priest shouts!
The orc priest casts a cantrip, but nothing happens.
The orc wizard gestures wildly while chanting.
The orc wizard flickers and vanishes!
Deactivating autopickup; reactivate with Ctrl-A.
The orc shouts!
The orc barely misses you.
The orc shouts!
You hit the orc but do no damage. You grab the orc. You constrict the orc.
The orc closely misses you.
You hit the orc but do no damage. You squeeze the orc.
The orc is severely wounded.
You constrict the orc.
You kill the orc!
You sock the orc!
You kill the orc!
The orc priest casts a cantrip, but nothing happens.
You hit the orc but do no damage. You grab the orc.
You squeeze the orc, but do no damage. You constrict the orc.
Something hits you. The orc misses you. The orc priest closely misses you.
The orc barely misses you. Something hits you.
You sock the orc!
You kill the orc!
The orc priest looks braver for a moment.
Something barely misses you. The orc priest barely misses you.
Something hits you. The orc priest hits you with a +0 whip.
Items here: ( ))) [[ †.
Something hits you. The orc priest hits you with a +0 whip.
You closely miss the orc priest. Your grab misses the orc priest.
Your squeeze misses the orc priest. Something hits you.
The orc priest misses you.
You barely miss the orc priest. Your grab misses the orc priest.
Something hits you. The orc priest closely misses you.
You closely miss the orc priest. Your grab misses the orc priest.
You hear some strange, mumbled words.
A puff of flame appears from out of thin air!
The puff of flame hits you!
You die...
Your body glows slightly and disappears.

#.# #.# #.# ## #.# ..
##.####.# # #.......###
#.##.#########..........
#.....)@.....[...#######
##....{o................
#.......#######..#######
##.....## #.........
##...## ##.##.#### ....#
#......# ##### #......##
#...>.... ##.....##


You could see an orc priest.

Vanquished Creatures
  4 adders
  4 orcs
  2 ball pythons (D:2)
  An endoplasm (D:1)
  4 giant cockroaches
  5 goblins
  3 hobgoblins
  A kobold (D:1)
  5 quokkas
  4 bats
  4 frilled lizards
  4 rats
41 creatures vanquished.

Notes
Turn   | Place    | Note
-------+----------+-------------------------------------------
     0 | D:1      | cheechan the Octopode Gladiator began the quest for the
                  | Orb.
     0 | D:1      | Reached XP level 1. HP: 14/14 MP: 1/1
   335 | D:1      | Reached XP level 2. HP: 4/19 MP: 2/2
   910 | D:1      | Found a faded altar of an unknown god.
   913 | D:1      | Prayed at the altar of an unknown god.
   913 | D:1      | Became a worshipper of Nemelex Xobeh the Trickster
   913 | D:1      | Reached * piety under Nemelex Xobeh
  1324 | D:2      | Found a white marble altar of Elyvilon.
  1358 | D:2      | Received a gift from Nemelex Xobeh
  1408 | D:2      | Reached XP level 3. HP: 18/25 MP: 3/3
  2311 | D:2      | Reached ** piety under Nemelex Xobeh
  2548 | D:3      | Reached skill level 1 in Stealth
  2554 | D:3      | Reached XP level 4. HP: 19/30 MP: 4/4
  2728 | D:3      | Reached skill level 4 in Maces & Flails
  3144 | D:3      | Gained mutation: You are clumsy. (Dex -2) [potion of
                  | mutation]
  3144 | D:3      | Gained mutation: Your system is resistant to poisons.
                  | (rPois) [potion of mutation]
  3241 | D:3      | Killed from afar by an orc wizard

Illustrated notes

Levels and vault maps discovered:
D:1:      psy_arrival_radial01, layout_basic,
          hellmonk_ecumenical_altar_defaced_shrine, solitary_fountain
D:2:      layout_loops_ring, basic_altar, chequers_serial_rivers_marsh,
          minmay_worlds_worst_comb
D:3:      layout_loops_ring, kennysheep_generic_room_4

Skill      XL: |  1  2  3  4 |
---------------+-------------+-----
Stealth        | 1 |  1.9
Maces & Flails | 4 |  4.1
Fighting       | |  2.6
Throwing       | |  2.1
Dodging        | |  3.3

Action                   |  1- 3 |  4- 6 || total
-------------------------+-------+-------++-------
Melee: Flail             |    59 |    28 ||    87
       Constrict         |    15 |     6 ||    21
       Tentacles         |     9 |     5 ||    14
  Use: Scroll            |     5 |     2 ||     7
       Potion            |       |     1 ||     1
 Stab: Sleeping          |     5 |     2 ||     7
Armor: Skin              |     2 |       ||     2
Dodge: Dodged            |    45 |    23 ||    68

Table legend: (Time is in decaauts)
 A = Elapsed time spent in this place.
 B = Non-inter-level travel time spent in this place.
 C = Inter-level travel time spent in this place.
 D = Time resting spent in this place.
 E = Time spent auto-exploring this place.
 F = Levels seen in this place.
 G = Mean time per level.
                   A        B        C        D        E       F      G
               +--------+--------+--------+--------+--------+-----+--------+
         Total |   3259 |   3259 |      0 |   1540 |      0 |   3 | 1086.3 |
       Dungeon |   3259 |   3259 |      0 |   1540 |      0 |   3 | 1086.3 |
               +--------+--------+--------+--------+--------+-----+--------+

Top non-repeatable levels by time:
     D:2: 1287 daAuts
     D:1: 1184 daAuts
     D:3: 787 daAuts
